DSL
DSL MILWAUKEE BREWERS @ DSL CLEVELAND GUARDIANS
05/25/2042
 
TOP OF THE 1ST
DSL Milwaukee Brewers batting - Pitching for DSL Cleveland Guardians : RHP Tony Ybarra
Pitching: RHP Tony Ybarra
Batting: LHB José Echevarría 0-0: Ground out U3 (Groundball, 3, EV 85.6 MPH)
Batting: SHB José Saldaña 0-0: Ball
1-0: Foul Ball, location: 7LMF
1-1: SOLO HOME RUN (Line Drive, 7D, EV 93.8 MPH), Distance : 366 ft
Batting: RHB José Rivera 0-0: Swinging Strike
0-1: Foul Ball, location: 9LMF
0-2: Strikes out swinging
Batting: RHB José Cruz 0-0: Foul Ball, location: 3F
0-1: Called Strike
0-2: Strikes out swinging
Top of the 1st over - 1 run, 1 hit, 0 errors, 0 left on base; DSL Milwaukee 1 - DSL Cleveland 0
BOTTOM OF THE 1ST
DSL Cleveland Guardians batting - Pitching for DSL Milwaukee Brewers : RHP Norberto Colón
Pitching: RHP Norberto Colón
Batting: RHB António Miranda 0-0: Ball
1-0: Ball
2-0: DOUBLE (Groundball, 5L, EV 104.4 MPH)
Batting: RHB Edgar López 0-0: Called Strike
0-1: Hit by Pitch
Batting: RHB José Fuentes 0-0: Called Strike
0-1: Hit by Pitch
António Miranda to third
Edgar López to second
Batting: RHB Cisco Valdéz 0-0: Ball
1-0: Called Strike
1-1: Foul Ball, location: 25F
1-2: Grounds into double play, 6-4-3 (Groundball, 56, EV 88.1 MPH)
António Miranda scores
Edgar López to third
Batting: RHB Tadamichi Ikeda 0-0: Ground out 4-3 (Groundball, 4, EV 106.9 MPH)
Bottom of the 1st over - 1 run, 1 hit, 0 errors, 1 left on base; DSL Milwaukee 1 - DSL Cleveland 1
TOP OF THE 2ND
DSL Milwaukee Brewers batting - Pitching for DSL Cleveland Guardians : RHP Tony Ybarra
Batting: RHB Víctor Fragozo 0-0: Ball
1-0: Called Strike
1-1: Foul Ball, location: 23FF
1-2: Ball
2-2: Ball
3-2: Foul Ball, location: 25FF
3-2: Base on Balls
Batting: RHB Edgardo Castro 0-0: Called Strike
Víctor Fragozo is caught stealing 2nd base 2-4
0-1: Called Strike
0-2: Ball
1-2: Strikes out swinging
Batting: RHB José Correa 0-0: Called Strike
0-1: Ball
1-1: Swinging Strike
1-2: Strikes out looking
Top of the 2nd over - 0 runs, 0 hits, 0 errors, 0 left on base; DSL Milwaukee 1 - DSL Cleveland 1
BOTTOM OF THE 2ND
DSL Cleveland Guardians batting - Pitching for DSL Milwaukee Brewers : RHP Norberto Colón
Batting: SHB Raúl Rivera 0-0: Called Strike
0-1: Called Strike
0-2: Foul Ball, location: 2F
0-2: Strikes out swinging
Batting: RHB Luis Castillo 0-0: Ball
1-0: Foul Ball, location: 9LMF
1-1: Ball
2-1: Fly out, F8 (Flyball, 89D, EV 96.3 MPH)
Batting: RHB Sergio González 0-0: Foul Ball, location: 3FF
0-1: Fly out, F9 (Flyball, 89S, EV 96.3 MPH)
Bottom of the 2nd over - 0 runs, 0 hits, 0 errors, 0 left on base; DSL Milwaukee 1 - DSL Cleveland 1
TOP OF THE 3RD
DSL Milwaukee Brewers batting - Pitching for DSL Cleveland Guardians : RHP Tony Ybarra
Batting: RHB Luis Solís 0-0: Ball
1-0: Ball
2-0: Swinging Strike
2-1: Ball
3-1: Base on Balls
Batting: RHB Víctor Peralta 0-0: Bunted foul
0-1: Sac Bunt to 5S - play at second, runner OUT! 5-6
Batting: LHB José Echevarría 0-0: SINGLE (Flyball, 34D, EV 95.6 MPH)
Víctor Peralta to second
Batting: SHB José Saldaña 0-0: Foul Ball, location: 3F
0-1: Ball
1-1: Foul Ball, location: 7LDF
1-2: Ball
2-2: Foul Ball, location: 5F
2-2: Foul Ball, location: 2F
2-2: Foul Ball, location: 23FF
2-2: Fly out, F7 (Flyball, 7D, EV 105.0 MPH)
Runner from 2nd tags up, SAFE at 3rd, no throw by LF
Batting: RHB José Rivera 0-0: Ball
1-0: Foul Ball, location: 5F
1-1: Swinging Strike
1-2: SINGLE (Line Drive, 34, EV 105.6 MPH)
Víctor Peralta scores
José Echevarría to second
Runner from 2nd tries for 3rd, OUT! 9-5
Top of the 3rd over - 1 run, 2 hits, 0 errors, 1 left on base; DSL Milwaukee 2 - DSL Cleveland 1
BOTTOM OF THE 3RD
DSL Cleveland Guardians batting - Pitching for DSL Milwaukee Brewers : RHP Norberto Colón
Batting: LHB Tony Jiménez 0-0: Called Strike
0-1: Ball
1-1: Ball
2-1: Swinging Strike
2-2: Foul Ball, location: 23FF
2-2: Ball
3-2: Strikes out swinging
Batting: RHB António Miranda 0-0: Called Strike
0-1: Ball
1-1: Swinging Strike
1-2: Ball
2-2: SINGLE (Groundball, 6, EV 81.3 MPH)
Batting: RHB Edgar López 0-0: Ball
António Miranda steals 2nd base (no throw)
1-0: Swinging Strike
1-1: Ball
2-1: Called Strike
2-2: Ball
3-2: Base on Balls
Batting: RHB José Fuentes 0-0: Foul Ball, location: 2F
0-1: Ball
1-1: Foul Ball, location: 2F
1-2: Strikes out swinging
Batting: RHB Cisco Valdéz 0-0: DOUBLE (Line Drive, 9LS, EV 95.0 MPH)
António Miranda scores
Edgar López to third
Runner from 3rd tries for Home, throw by RF and OUT! 9-4-2
Bottom of the 3rd over - 1 run, 2 hits, 0 errors, 1 left on base; DSL Milwaukee 2 - DSL Cleveland 2
TOP OF THE 4TH
DSL Milwaukee Brewers batting - Pitching for DSL Cleveland Guardians : RHP Tony Ybarra
Batting: RHB José Cruz 0-0: Ball
1-0: Called Strike
1-1: Called Strike
1-2: Fly out, F7 (Flyball, 78M, EV 92.5 MPH)
Batting: RHB Víctor Fragozo 0-0: Called Strike
0-1: Ball
1-1: Ball
2-1: Foul Ball, location: 25F
2-2: Ball
3-2: Foul Ball, location: 7LMF
3-2: Base on Balls
Batting: RHB Edgardo Castro 0-0: Ball
1-0: Foul Ball, location: 2F
1-1: Ball
2-1: Fly out, F7 (Flyball, 7LSF, EV 95.0 MPH)
Batting: RHB José Correa 0-0: Called Strike
0-1: Foul Ball, location: 5F
0-2: Ball
1-2: Strikes out looking
Top of the 4th over - 0 runs, 0 hits, 0 errors, 1 left on base; DSL Milwaukee 2 - DSL Cleveland 2
BOTTOM OF THE 4TH
DSL Cleveland Guardians batting - Pitching for DSL Milwaukee Brewers : RHP Norberto Colón
Batting: RHB Tadamichi Ikeda 0-0: Fly out, F9 (Flyball, 9D, EV 105.6 MPH)
Batting: SHB Raúl Rivera 0-0: Called Strike
0-1: Foul Ball, location: 23F
0-2: Strikes out swinging
Batting: RHB Luis Castillo 0-0: Ball
1-0: Ball
2-0: Swinging Strike
2-1: Swinging Strike
2-2: Ball
3-2: Foul Ball, location: 9LSF
3-2: Strikes out looking
Bottom of the 4th over - 0 runs, 0 hits, 0 errors, 0 left on base; DSL Milwaukee 2 - DSL Cleveland 2
TOP OF THE 5TH
DSL Milwaukee Brewers batting - Pitching for DSL Cleveland Guardians : RHP Tony Ybarra
Batting: RHB Luis Solís 0-0: Called Strike
0-1: Ball
1-1: Ground out 5-3 (Groundball, 56, EV 88.1 MPH)
Batting: RHB Víctor Peralta 0-0: Ball
1-0: Called Strike
1-1: Swinging Strike
1-2: Ball
2-2: Strikes out swinging
Batting: LHB José Echevarría 0-0: Called Strike
0-1: Bunt missed!
0-2: Ball
1-2: Ball
2-2: Ball
3-2: SOLO HOME RUN (Flyball, 89XD, EV 101.9 MPH), Distance : 427 ft
Batting: SHB José Saldaña 0-0: Ball
1-0: Called Strike
1-1: Ball
2-1: Foul Ball, location: 9LSF
2-2: Strikes out swinging
Top of the 5th over - 1 run, 1 hit, 0 errors, 0 left on base; DSL Milwaukee 3 - DSL Cleveland 2
BOTTOM OF THE 5TH
DSL Cleveland Guardians batting - Pitching for DSL Milwaukee Brewers : RHP Norberto Colón
Batting: RHB Sergio González 0-0: Called Strike
0-1: Foul Ball, location: 2F
0-2: Ball
1-2: Strikes out looking
Batting: LHB Tony Jiménez 0-0: Called Strike
0-1: Foul Ball, location: 25F
0-2: Strikes out looking
Batting: RHB António Miranda 0-0: Called Strike
0-1: Bunt for hit to 15 - play at first, batter OUT! 1-3
Bottom of the 5th over - 0 runs, 0 hits, 0 errors, 0 left on base; DSL Milwaukee 3 - DSL Cleveland 2
Bottom of the 5th over - 0 runs, 0 hits, 0 errors, 0 left on base; DSL Milwaukee 3 - DSL Cleveland 2
TOP OF THE 6TH
DSL Milwaukee Brewers batting - Pitching for DSL Cleveland Guardians : RHP Tony Ybarra
Pitching: RHP César Román
Batting: RHB José Rivera 0-0: Ball
1-0: Ball
2-0: Ball
3-0: Called Strike
3-1: Foul Ball, location: 2F
3-2: SINGLE (Line Drive, 3D, EV 106.3 MPH)
Batting: RHB José Cruz 0-0: Ball
1-0: Ball
2-0: Foul Ball, location: 2F
2-1: Foul Ball, location: 5FF
2-2: Foul Ball, location: 2F
2-2: Foul Ball, location: 9LSFF
2-2: Foul Ball, location: 9LDF
2-2: Strikes out looking
Batting: RHB Víctor Fragozo 0-0: Ball
José Rivera steals 2nd base
1-0: Called Strike
1-1: Ball
2-1: Swinging Strike
2-2: Strikes out swinging
Batting: RHB Edgardo Castro 0-0: Called Strike
0-1: Foul Ball, location: 9LSF
0-2: Strikes out swinging
Top of the 6th over - 0 runs, 1 hit, 0 errors, 1 left on base; DSL Milwaukee 3 - DSL Cleveland 2
BOTTOM OF THE 6TH
DSL Cleveland Guardians batting - Pitching for DSL Milwaukee Brewers : RHP Norberto Colón
Batting: RHB Edgar López 0-0: Swinging Strike
0-1: Ball
1-1: Foul Ball, location: 9LDF
1-2: Ball
2-2: Foul Ball, location: 5FF
2-2: Foul Ball, location: 9LSF
2-2: Foul Ball, location: 9LMF
2-2: Ball
3-2: Strikes out swinging
Batting: RHB José Fuentes 0-0: Ball
1-0: Called Strike
1-1: Ball
2-1: Ball
3-1: Base on Balls
Batting: RHB Cisco Valdéz 0-0: Ball
José Fuentes steals 2nd base
1-0: Called Strike
1-1: SINGLE (Line Drive, 78S, EV 90.6 MPH)
José Fuentes to third
Runner from 3rd tries for Home, throw by CF and OUT! 8-2
Cisco Valdéz to second
Batting: RHB Tadamichi Ikeda 0-0: Called Strike
0-1: Ball
1-1: Foul Ball, location: 7LMF
1-2: Strikes out swinging
Bottom of the 6th over - 0 runs, 1 hit, 0 errors, 1 left on base; DSL Milwaukee 3 - DSL Cleveland 2
TOP OF THE 7TH
DSL Milwaukee Brewers batting - Pitching for DSL Cleveland Guardians : RHP César Román
Batting: RHB José Correa 0-0: Ball
1-0: TRIPLE (Flyball, 89XD, EV 100.6 MPH)
Batting: RHB Luis Solís 0-0: Foul Ball, location: 2F
0-1: Swinging Strike
0-2: Foul Ball, location: 2F
0-2: Ball
1-2: Ball
2-2: Foul Ball, location: 5DF
2-2: Ball
3-2: Foul Ball, location: 2F
3-2: Strikes out swinging
Batting: RHB Víctor Peralta 0-0: Ball
1-0: Called Strike
1-1: Swinging Strike
1-2: Ball
2-2: Ball
3-2: Base on Balls
Batting: LHB José Echevarría 0-0: Ball
1-0: Swinging Strike
1-1: Ball
2-1: Swinging Strike
2-2: Strikes out swinging
Batting: SHB José Saldaña 0-0: Fielders Choice at 2nd, 5-4 (Groundball, 5, EV 99.4 MPH)
Top of the 7th over - 0 runs, 1 hit, 0 errors, 2 left on base; DSL Milwaukee 3 - DSL Cleveland 2
BOTTOM OF THE 7TH
DSL Cleveland Guardians batting - Pitching for DSL Milwaukee Brewers : RHP Norberto Colón
Pinch Hitting: RHB Dani Cruz 0-0: Called Strike
0-1: Swinging Strike
0-2: Ball
1-2: Strikes out swinging
Batting: RHB Luis Castillo 0-0: Ball
1-0: Called Strike
1-1: Swinging Strike
1-2: Strikes out swinging
Batting: RHB Sergio González 0-0: Called Strike
0-1: Called Strike
0-2: Strikes out looking
Bottom of the 7th over - 0 runs, 0 hits, 0 errors, 0 left on base; DSL Milwaukee 3 - DSL Cleveland 2
TOP OF THE 8TH
DSL Milwaukee Brewers batting - Pitching for DSL Cleveland Guardians : RHP César Román
Now at 1B: Dani Cruz
Batting: RHB José Rivera 0-0: Ball
1-0: Called Strike
1-1: Foul Ball, location: 5SF
1-2: Foul Ball, location: 3F
1-2: Strikes out swinging
Batting: RHB José Cruz 0-0: Ball
1-0: Ball
2-0: Ball
3-0: Called Strike
3-1: Base on Balls
Batting: RHB Víctor Fragozo 0-0: Ball
1-0: Swinging Strike
1-1: Ball
2-1: DOUBLE (Flyball, 78D, EV 100.0 MPH)
José Cruz to third
Runner from 3rd tries for Home, SAFE, no throw by LF
Pitching: RHP Mauro Alonso
Batting: RHB Edgardo Castro 0-0: Ball
1-0: Called Strike
1-1: Called Strike
1-2: Strikes out swinging
Batting: RHB José Correa 0-0: Foul Ball, location: 2F
0-1: Ball
1-1: Ball
2-1: Called Strike
2-2: Strikes out swinging
Top of the 8th over - 1 run, 1 hit, 0 errors, 1 left on base; DSL Milwaukee 4 - DSL Cleveland 2
BOTTOM OF THE 8TH
DSL Cleveland Guardians batting - Pitching for DSL Milwaukee Brewers : RHP Norberto Colón
Batting: LHB Tony Jiménez 0-0: Called Strike
0-1: Swinging Strike
0-2: Ball
1-2: Foul Ball, location: 9LSF
1-2: Strikes out swinging
Batting: RHB António Miranda 0-0: Called Strike
0-1: Swinging Strike
0-2: Foul Ball, location: 2F
0-2: Strikes out swinging
Batting: RHB Edgar López 0-0: Bunted foul
0-1: Ball
1-1: Ball
2-1: Swinging Strike
2-2: Strikes out looking
Bottom of the 8th over - 0 runs, 0 hits, 0 errors, 0 left on base; DSL Milwaukee 4 - DSL Cleveland 2
TOP OF THE 9TH
DSL Milwaukee Brewers batting - Pitching for DSL Cleveland Guardians : RHP Mauro Alonso
Pitching: LHP Julián Mendoza
Batting: RHB Luis Solís 0-0: Ball
1-0: Ball
2-0: Ball
3-0: Called Strike
3-1: Base on Balls
Batting: RHB Víctor Peralta 0-0: Bunt missed!
0-1: Sac Bunt to 2R - play at first, batter OUT! 2-4
Luis Solís to second
Pinch Hitting: RHB José García 0-0: Intentional Walk
Batting: SHB José Saldaña 0-0: Ball
1-0: Ball
2-0: Foul Ball, location: 9LDF
2-1: Ball
3-1: Fly out, F8 (Flyball, 8RM, EV 96.9 MPH)
Batting: RHB José Rivera 0-0: Ball
1-0: Foul Ball, location: 7LDF
1-1: Ball
2-1: Foul Ball, location: 2F
2-2: Fly out, F8 (Flyball, 78D, EV 84.4 MPH)
Top of the 9th over - 0 runs, 0 hits, 0 errors, 2 left on base; DSL Milwaukee 4 - DSL Cleveland 2
BOTTOM OF THE 9TH
DSL Cleveland Guardians batting - Pitching for DSL Milwaukee Brewers : RHP Norberto Colón
Pitching: LHP Wilson Hernández
Now in CF: Orlando López
Batting: RHB José Fuentes 0-0: Fly out, F9 (Line Drive, 89D, EV 91.9 MPH)
Batting: RHB Cisco Valdéz 0-0: Called Strike
0-1: Ground out U3 (Groundball, 3, EV 78.8 MPH)
Pinch Hitting: RHB César Martínez 0-0: Ball
1-0: Foul Ball, location: 5DF
1-1: Fly out, F5 (Popup, 56, EV 65.6 MPH)
Bottom of the 9th over - 0 runs, 0 hits, 0 errors, 0 left on base; DSL Milwaukee 4 - DSL Cleveland 2
Friday, May 3rd , 2024 - OOTP Baseball 24.10 Build 82